AoeStats
← 知耻而后勇喜笑颜开

Arabia

508810535Analyzed
1v1 RM · 8d ago on Sep 24, 2026· 73m 43s· 2 players
Game mode
Random Map
Map size
Tiny (2 player)
Population
200
Speed
Normal
Resources
Standard
Victory
Conquest
Starting age
Dark Age
Ending age
Imperial Age
RankedLock teamsTeams togetherTeam positionsShared explorationLock speedFull tech treeHidden civsTurbo modeCheats
Victory
Defeat
1411
+14
🇹🇷 Romans · Türkiye
1358
-14
Yeis Sensura
6:39 Loom
9:04 Feudal Age
9:36 Double-Bit Axe
10:10 Man-at-Arms
12:20 Scale Mail Armor
14:31 Horse Collar
16:51 Forging
21:29 Castle Age
20:21 Gold Mining
21:51 Long Swordsman
23:03 Chain Mail Armor
23:10 Squires
24:51 Bow Saw
36:05 Wheelbarrow
43:05 Iron Casting
44:55 Town Watch
51:48 Hand Cart
60:19 Imperial Age
59:39 Stone Mining
知耻而后勇喜笑颜开
8:47 Feudal Age
8:52 Loom
9:18 Double-Bit Axe
10:13 Wheelbarrow
17:38 Fletching
18:38 Gold Mining
21:13 Castle Age
20:08 Padded Archer Armor
20:17 Stone Mining
21:19 Crossbowman
22:10 Bow Saw
22:17 Hand Cart
21:44 Horse Collar
22:36 Bodkin Arrow
23:53 Leather Archer Armor
23:36 Town Watch
36:43 Sanctity
40:35 Ballistics
42:13 Murder Holes
44:35 Gambesons
46:09 Treadmill Crane
50:14 Masonry
52:00 Clerical Recruitment
54:36 Redemption
60:06 Squires
62:48 Arson
64:47 Scale Mail Armor
64:57 Forging
67:48 Iron Casting
69:16 Chain Mail Armor
71:00 Gold Shaft Mining
73:35 Imperial Age
Connection lost

Rejoining the realm…

Still unreachable

The connection could not be restored.

Session expired

The server has moved on; the page needs a fresh start.